Map: Sequencer LE

Players

liquidthermy (uThermal) - Winner!

  • Race: Terran Terran
  • League: Master
  • Spawn Location: 7:00

Serral

  • Race: Zerg Zerg
  • League: Master
  • Spawn Location: 1:00

Event: HomeStory Cup XV

VOD

Have the link to the VOD?

Description

Time

  • Played on: July 23, 2017, 9:57 a.m.
  • Length: 6:13

All games in this series

Show
View Real Time Build Order
Export as new Build Order

liquidthermy Terran - Winner!

Build Orders:  

Get SALT Encoding   

  12  0:01  SCV  
  13  0:13  SCV  
  14  0:21  Supply Depot  
  14  0:26  SCV  
  16  0:42  SCV  
  16  0:43  Barracks  
  16  0:45  Refinery  
  16  0:55  SCV  
  17  1:02  Barracks  
  17  1:07  SCV  
  18  1:19  SCV  
  19  1:30  Reaper  
  19  1:31  Orbital Command  
  20  1:38  Barracks  
  20  1:43  Refinery  
  20  1:49  Reaper  
  21  1:54  Supply Depot  
  21  1:58  SCV  
  22  2:04  Reaper  
  23  2:16  SCV  
  23  2:21  Reaper  
  25  2:24  Supply Depot  
  25  2:25  Reaper  
  25  2:28  SCV  
  27  2:36  Reaper  
  28  2:40  SCV  
  29  2:52  SCV  
  29  2:53  Reaper  
  29  2:57  Reaper  
  32  3:04  Command Center  
  32  3:06  SCV  
  32  3:08  Reaper  
  34  3:19  SCV  
  35  3:20  Supply Depot  
  35  3:25  Reaper  
  36  3:29  Reaper  
  36  3:31  SCV  
  38  3:35  Barracks  
  38  3:41  Barracks  
  38  3:44  Reaper  
  39  3:49  SCV  
  40  3:57  Refinery  
  40  3:58  Reaper  
  40  4:01  SCV  
  41  4:03  Reaper  
  42  4:13  SCV  
  42  4:16  Reaper  
  45  4:18  Refinery  
  45  4:23  Orbital Command  
  44  4:25  SCV, Reaper  
  44  4:28  Reaper  
  47  4:38  SCV  
  48  4:40  Reaper  
  48  4:43  Reaper  
  49  4:48  Reaper  
  49  4:50  SCV  
  51  4:53  SCV  
  51  4:55  Supply Depot  
  51  4:57  Reaper  
  53  5:01  Reaper  
  53  5:02  SCV  
  53  5:05  SCV  
  56  5:13  Reaper  
  58  5:14  SCV  
  58  5:15  Reaper  
  58  5:18  SCV  
  56  5:26  SCV  
  50  5:29  Reaper  
  50  5:30  SCV  
  50  5:33  Reaper  
  53  5:37  Supply Depot  
  53  5:38  SCV  
  53  5:42  SCV  
  55  5:43  Supply Depot  
  55  5:45  Supply Depot  
  53  5:50  SCV  
  53  5:54  SCV  
Show
View Real Time Build Order
Export as new Build Order

Serral Zerg 

Build Orders: Pool First 

Get SALT Encoding   

  12  0:00  Drone  
  13  0:13  Overlord  
  13  0:17  Drone  
  14  0:31  Drone x2  
  14  0:35  Drone  
  17  0:45  Extractor, Drone  
  17  0:51  Spawning Pool  
  17  0:56  Drone  
  17  1:07  Drone  
  18  1:18  Hatchery  
  18  1:22  Drone  
  18  1:37  Queen  
  18  1:38  Zergling x2  
  21  1:47  Metabolic Boost  
  21  1:53  Overlord  
  21  1:58  Drone  
  22  2:13  Queen  
  22  2:14  Drone x2  
  26  2:24  Drone  
  26  2:28  Extractor  
  26  2:29  Roach Warren  
  25  2:36  Overlord  
  25  2:38  Drone  
  25  2:47  Drone  
  26  3:10  Roach x5  
  36  3:12  Overlord  
  36  3:22  Roach  
  36  3:23  Roach  
  40  3:29  Roach  
  42  3:37  Overlord  
  42  3:42  Roach  
  42  3:47  Roach  
  46  3:52  Roach  
  48  3:57  Roach  
  48  4:07  Zergling x6  
  49  4:11  Ravager x3  
  49  4:14  Zergling x2  
  53  4:20  Zergling x2  
  54  4:28  Zergling x6  
  57  4:38  Overlord  
  57  4:41  Ravager, Zergling x2  
  56  4:47  Overlord  
  56  4:58  Zergling x6  
  59  5:05  Ravager  
  59  5:06  Ravager, Overlord  
  61  5:13  Ravager  
  62  5:21  Zergling x6  
  55  5:26  Ravager  
  55  5:35  Zergling x8  
  58  5:38  Ravager  
Tags
 
Add a new tag
Caveats
  • Supply blocks, unpowered buildings, or Contaminate may cause inaccurate times.
  • Supply counts are checked every 10 seconds.